 Dungeon Sprint DCSS version 0.24-a0-246-gb963c9a (webtiles) character file.

Game seed: 11398019247299933613

4396 MikeHunt the Archer (level 10, -2/94 HPs)
             Began as a Centaur Hunter on Apr 12, 2019.
             Was an Elder of Okawaru.
             Slain by a spiny frog (14 damage)
             ... in the Dungeon (Sprint III: "The Ten Rune Challenge").
             The game lasted 00:13:03 (2439 turns).

MikeHunt the Archer (Centaur Hunter)                Turns: 2439, Time: 00:13:04

Health: -2/94      AC:  6    Str: 15    XL:     10   Next: 13%
Magic:  15/16      EV: 17    Int: 10    God:    Okawaru [****..]
Gold:   1715       SH:  0    Dex: 13    Spells: 9/9 levels left

rFire    + . .     SeeInvis .   b - +3 quarterstaff (chaos)
rCold    + + .     Gourm    .   (shield currently unavailable)
rNeg     . . .     Faith    .   m - +1 robe {rC+ rF+}
rPois    .         Spirit   .   (helmet restricted)
rElec    .         Reflect  .   o - +0 cloak
rCorr    .         Harm     .   (no gloves)
MR       .....     NoTele   +   (no barding)
Stlth    +++.......             (no amulet)
HPRegen  0.25/turn              (no ring)
MPRegen  0.15/turn              (no ring)

@: lethally poisoned (-2 -> -5), heroism, very slow
A: large, hooves 3, horns 1, cold resistance 1, deformed body, speed 2, tough
skin 3
a: Heroism, Renounce Religion


You were in the Dungeon.
You worshipped Okawaru.
Okawaru was greatly pleased with you.
You were not hungry.

You visited 1 branch You collected 2195 gold pieces.
You spent 480 gold pieces at shops.

Inventory:

Hand Weapons
 a - a +2 shortbow of freezing
 b - a +3 quarterstaff of chaos (weapon)
 n - a +0 short sword
 q - a +1 shortbow
Missiles
 j - 47 arrows
Armour
 c - a +0 leather armour
 d - a cursed +0 chain mail
 m - a +1 robe of resistance (worn)
 o - a +0 cloak (worn)
Scrolls
 k - a scroll of blinking
 p - a scroll of immolation
 r - 4 scrolls of remove curse
 t - a scroll of holy word
Potions
 e - 2 potions of curing
 g - 3 potions of heal wounds
 h - a potion of haste
 i - 2 potions of magic
 l - 3 potions of agility
 s - 2 potions of flight
 u - 3 potions of mutation
 v - 3 potions of might
Comestibles
 f - 3 rations


   Skills:
 + Level 10.7(15.7) Fighting
 + Level 12.1(17.1) Staves
 - Level 14.1(19.1) Bows
 + Level 8.3(13.3) Dodging
 - Level 0.4(5.4) Stealth
 - Level 9.2 Invocations


You had 9 spell levels left.
You didn't know any spells.
Your spell library contained the following spells:

 Spells                   Type           Power        Failure   Level  Hunger
 Confusing Touch          Hex            #.....       36%         1    ##.....
 Magic Dart               Conj           #...         36%         1    ##.....
 Blink                    Tloc           N/A          50%         2    ###....
 Call Imp                 Summ           #.......     50%         2    ###....
 Slow                     Hex            #.......     50%         2    ###....
 Confuse                  Hex            #.......     75%         3    ####...
 Conjure Flame            Conj/Fire      #.......     75%         3    ####...
 Gell's Gravitas          Tloc           #.........   75%         3    ####...
 Mephitic Cloud           Conj/Pois/Air  #.......     75%         3    ####...
 Petrify                  Tmut/Erth      #.......     98%         4    #####..
 Metabolic Englaciation   Hex/Ice        #.........   100%        5    ######.
 Yara's Violent Unravell  Hex/Tmut       #.........   100%        5    ######.


Dungeon Overview and Level Annotations

Branches:
Dungeon (1/1)

Altars:
Cheibriados
Dithmenos
Elyvilon
Fedhas
Gozag
Hepliaklqana
Kikubaaqudgha
Makhleb
Nemelex Xobeh
Okawaru
Qazlal
Ru
Sif Muna
Trog
Uskayaw
Vehumet
Wu Jian
Xom
Yredelemnul
Zin
The Shining One
Beogh
Jiyva
Lugonu

Shops:
D !


Innate Abilities, Weirdness & Mutations

You have hooves in place of feet.
Armour fits poorly on your strangely shaped body.
You cover ground very quickly.
You have extremely tough skin. (AC +3)
You have a pair of small horns on your head.
Your flesh is cold resistant. (rC+)


Message History

You closely miss the spiny frog. Your kick misses the spiny frog.
The spiny frog is moderately wounded.
You feel sick. The spiny frog stings you!
* * * LOW HITPOINT WARNING * * *
You hit the spiny frog but do no damage.
You kick the spiny frog, but do no damage.
The spiny frog is moderately wounded.
You feel sick. The spiny frog stings you!
* * * LOW HITPOINT WARNING * * *
You feel better. The spiny frog stings you!
* * * LOW HITPOINT WARNING * * *
You are poisoned.
The spiny frog poisons you!
You enter the shallow water.
Moving in this stuff is going to be slow.
You feel sick.
The spiny frog stings you but does no damage.
You feel sick.
You feel sick. The spiny frog misses you. The spiny frog stings you!
You die...

###...+.⌠.)..)..)#.#.###..##
###.÷.#)..######'#.#.# #..#
##....#.⌠.#__#.))#'##############
#.....#)..#__#...#..≈≈≈§.#)'...'.
).....#'###__#)..#.#≈≈≈#§#)#...##
#.....#...#__#...).#§§.#.#[#...#.
##....#___#__'...#.#§§.#)).#...##
▓▓▓▓▓▓▓▓▓▓▓▓▓▓▓▓▓▓▓▓▓▓▓▓▓▓▓▓▓▓#.
♣♣≈F@........≈≈≈...##
♣l♣F≈≈≈≈≈≈≈≈≈≈≈♣♣P.'.
#.(♣♣♣♣♣♣♣♣♣♣♣♣♣♣♣♣PP## #.. ♣♣♣##
###


You could see a komodo dragon and 2 spiny frogs.

Vanquished Creatures
  Josephine (D)
  A centaur warrior (D)
  An unseen horror (D)
  A deep elf mage (D)
  3 wandering mushrooms (D)
  A shadow (D)
  A spatial vortex (D)
  2 orc warriors (D)
  A necrophage (D)
  2 centaurs (D)
  An earth elemental (D)
  A water elemental (D)
  A jelly (D)
  3 orc priests (D)
  A wizard (D)
  Crazy Yiuf (D)
  Jessica (D)
  A necromancer (D)
  3 orc wizards (D)
  3 humans (D)
  A kobold demonologist (D)
  An ooze (D)
  9 orcs (D)
  2 rats (D)
43 creatures vanquished.

Vanquished Creatures (others)
  2 draconian scorchers (D)
  A yaktaur (D)
  6 hellions (D)
  A plant (D)
10 creatures vanquished.

Grand Total: 53 creatures vanquished

Notes
Turn   | Place    | Note
-------+----------+-------------------------------------------
     0 | D        | MikeHunt the Centaur Hunter began the quest for the Orb.
     0 | D        | Reached XP level 1. HP: 17/17 MP: 1/1
    14 | D        | Reached skill level 7 in Bows
    23 | D        | Noticed Jessica
    26 | D        | Killed Jessica
    26 | D        | Reached skill level 9 in Bows
    26 | D        | Reached XP level 2. HP: 24/24 MP: 2/2
    26 | D        | Reached XP level 3. HP: 29/29 MP: 3/3
    79 | D        | Reached skill level 10 in Bows
    88 | D        | Noticed Crazy Yiuf
   114 | D        | Killed Crazy Yiuf
   114 | D        | Reached skill level 11 in Bows
   114 | D        | Reached XP level 4. HP: 27/36 MP: 4/4
   114 | D        | Killed a yaktaur
   121 | D        | Killed a hellion
   122 | D        | Killed a hellion
   163 | D        | Noticed a water elemental
   172 | D        | Killed a white draconian scorcher
   183 | D        | Killed a hellion
   194 | D        | Killed a water elemental
   194 | D        | Reached skill level 13 in Bows
   202 | D        | Killed a hellion
   244 | D        | Gained mutation: Your flesh is cold resistant. (rC+)
                  | [potion of mutation]
   244 | D        | Gained mutation: You have a pair of small horns on your
                  | head. [potion of mutation]
   254 | D        | Found a hide-covered altar of Uskayaw.
   254 | D        | Found a roughly hewn altar of Beogh.
   254 | D        | Found an iron altar of Okawaru.
   254 | D        | Found a bloodstained altar of Trog.
   254 | D        | Found an ornate altar of the Wu Jian Council.
   254 | D        | Noticed a human
   254 | D        | Noticed a human
   271 | D        | Killed a hellion
   277 | D        | Killed a white draconian scorcher
   308 | D        | Killed a human
   308 | D        | Reached skill level 14 in Bows
   308 | D        | Reached XP level 5. HP: 22/46 MP: 5/5
   308 | D        | Reached XP level 6. HP: 24/52 MP: 6/6
   315 | D        | Killed a human
   315 | D        | Reached skill level 5 in Fighting
   383 | D        | Became a worshipper of Warmaster Okawaru
   383 | D        | Killed a hellion
   534 | D        | Found a glowing silver altar of Zin.
   534 | D        | Found a glowing golden altar of the Shining One.
   534 | D        | Found a white marble altar of Elyvilon.
   534 | D        | Noticed a deep elf mage
   540 | D        | Noticed an ice beast
   543 | D        | Killed a deep elf mage
   543 | D        | Reached * piety under Okawaru
   543 | D        | Reached skill level 5 in Dodging
   543 | D        | Reached XP level 7. HP: 30/67 MP: 7/7
   721 | D        | Found a basalt altar of Yredelemnul.
   721 | D        | Found a shadowy altar of Dithmenos.
   721 | D        | Found a sacrificial altar of Ru.
   761 | D        | Found a radiant altar of Vehumet.
   764 | D        | Found a deep blue altar of Sif Muna.
   769 | D        | Reached skill level 1 in Invocations
   778 | D        | Found an ancient bone altar of Kikubaaqudgha.
   805 | D        | Noticed a shadow
   810 | D        | Killed a shadow
   810 | D        | Reached ** piety under Okawaru
   810 | D        | Reached XP level 8. HP: 62/74 MP: 8/10
   830 | D        | Found a blossoming altar of Fedhas.
   830 | D        | Found a stormy altar of Qazlal.
   831 | D        | Found a snail-covered altar of Cheibriados.
   831 | D        | Found a burning altar of Makhleb.
   831 | D        | Found a hazy altar of Hepliaklqana.
   831 | D        | Found a shimmering altar of Xom.
   831 | D        | Found an opulent altar of Gozag.
   831 | D        | Found a sparkling altar of Nemelex Xobeh.
   831 | D        | Found a corrupted altar of Lugonu.
   831 | D        | Found a viscous altar of Jiyva.
   884 | D        | Reached skill level 5 in Invocations
   996 | D        | Noticed Josephine
  1044 | D        | Killed Josephine
  1044 | D        | Reached *** piety under Okawaru
  1044 | D        | Reached skill level 10 in Staves
  1044 | D        | Reached XP level 9. HP: 35/81 MP: 10/15
  1252 | D        | Noticed an orc knight
  1752 | D        | Found Vanaag's Distillery.
  1776 | D        | Bought 2 potions of agility for 96 gold pieces
  1776 | D        | Bought a potion of curing for 36 gold pieces
  1776 | D        | Bought a potion of might for 48 gold pieces
  1776 | D        | Bought a potion of agility for 48 gold pieces
  1776 | D        | Bought 2 potions of might for 96 gold pieces
  1776 | D        | Bought a potion of curing for 36 gold pieces
  1776 | D        | Bought a potion of heal wounds for 60 gold pieces
  1776 | D        | Bought a potion of berserk rage for 60 gold pieces
  1821 | D        | Noticed a centaur warrior
  1835 | D        | Killed a centaur warrior
  2055 | D        | Killed an unseen horror
  2055 | D        | Reached **** piety under Okawaru
  2055 | D        | Reached skill level 10 in Fighting
  2367 | D        | Noticed a wandering mushroom
  2379 | D        | Killed a wandering mushroom
  2379 | D        | Reached XP level 10. HP: 92/94 MP: 16/16
  2414 | D        | Noticed a spiny frog
  2414 | D        | Noticed a spiny frog
  2439 | D        | Slain by a spiny frog

Levels and vault maps discovered:
D:        dungeon_sprint_mu [sprint_mu_entry_cave, sprint_mu_temple_rooms,
          sprint_mu_d1_horrors, sprint_mu_d2_genie, sprint_mu_d3_branching,
          sprint_mu_orc_legion, sprint_mu_elf_gauntlet, sprint_mu_hive_nellie,
          sprint_mu_lair_fedhas, sprint_mu_vaults_butterflies,
          sprint_mu_slime_circle, sprint_mu_swamp_cave, sprint_mu_snake_twists,
          sprint_mu_blade_basic, sprint_mu_crypt_lich, sprint_mu_tomb_spiral,
          sprint_mu_vestibule_basic, sprint_mu_gehenna_hellfire,
          sprint_mu_dis_giant, sprint_mu_tartarus_statrot,
          sprint_mu_cocytus_islands, sprint_mu_zot1]

Skill      XL: |  1  2  3  4  5  6  7  8  9 10 |
---------------+-------------------------------+-----
Bows           | 9 11 14 | 14.1
Fighting       | 4 7 8 10 | 10.7
Staves         | 3 6 7 10 11 12 | 12.1
Dodging        | 3 5 6 8 |  8.3
Invocations    | 3 9 |  9.2
Stealth        | |  0.4

Action                   |  1- 3 |  4- 6 |  7- 9 | 10-12 || total
-------------------------+-------+-------+-------+-------++-------
Melee: Short sword       |     5 |       |       |       ||     5
       Kick              |     3 |       |    32 |     1 ||    36
       Quarterstaff      |       |    11 |    88 |     7 ||   106
       Headbutt          |       |     2 |    14 |     1 ||    17
 Fire: Shortbow          |    19 |    33 |    64 |    24 ||   140
Invok: Heroism           |       |       |     3 |     1 ||     4
  Use: Potion            |       |     2 |     3 |     1 ||     6
       Scroll            |       |       |     2 |       ||     2
 Stab: Paralysed         |       |       |     4 |       ||     4
  Eat: Chunk             |       |       |     3 |       ||     3
       Ration            |       |       |     1 |       ||     1
Armor: Leather armour    |     2 |       |       |       ||     2
       Robe              |       |     1 |    22 |     1 ||    24
Dodge: Dodged            |     1 |     7 |    23 |     6 ||    37

Table legend:
 A = Non-vault XP
 B = Vault XP
 C = Vault XP percentage of total XP
 D = Non-vault monster count
 E = Vault monster count
 F = Vault count percentage of total count
                 A         B        C        D         E       F
            +---------+---------+-------+---------+---------+-------
      Total |       0 |    6281 | 100.0 |       0 |      43 | 100.0
            +---------+---------+-------+---------+---------+-------
          D |       0 |    6281 | 100.0 |       0 |      43 | 100.0
            +---------+---------+-------+---------+---------+-------
